 Dungeon Crawl Stone Soup version 0.18-a0-1211-g828307d (webtiles) character file.

638 Duffy the Shield-Bearer (level 7, -7/52 HPs)
             Began as a Formicid Fighter on Feb 2, 2016.
             Was a Follower of Cheibriados.
             Killed from afar by a steam dragon (21 damage)
             ... with a ball of steam
             ... on level 5 of the Dungeon.
             The game lasted 00:04:24 (4475 turns).

Duffy the Shield-Bearer (Formicid Fighter)          Turns: 4475, Time: 00:04:24

Health: -7/52      AC: 13    Str: 24    XL:     7   Next: 80%
Magic:  7/7        EV:  6    Int: 10    God:    Cheibriados [*.....]
Gold:   165        SH: 11    Dex: 12    Spells: 0 memorised, 6 levels left

rFire  . . .     SeeInvis +     a - +0 long sword
rCold  . . .     Gourm    .     n - +0 plate armour
rNeg   + . .     Faith    .     c - +0 shield
rPois  .         Spirit   .     (helmet unavailable)
rElec  .         Dismiss  .     z - +0 cloak
rCorr  .         Reflect  .     (no gloves)
SustAt .         Harm     .     (no boots)
MR     .....                    (no amulet)
Stlth  ..........               (no ring)
                                x - ring of positive energy

@: very slow, not resistant to hostile enchantments, extremely unstealthy
A: permanent stasis, dig shafts and tunnels, four strong arms, antennae 3
a: Dig, Shaft Self, Bend Time, Renounce Religion


You were on level 5 of the Dungeon.
You worshipped Cheibriados.
Cheibriados was aware of your devotion.
You were very hungry.

You visited 1 branch of the dungeon, and saw 5 of its levels.

You collected 165 gold pieces.


Innate Abilities, Weirdness & Mutations

You are under a permanent stasis effect.
You can dig through walls and to a lower floor.
Your four strong arms can wield two-handed weapons with a shield.
You have a pair of large antennae on your head (SInv).


   Skills:
 - Level 3.2 Fighting
 + Level 4.6 Long Blades
 + Level 5.0 Armour
 * Level 7.7 Shields


You had 6 spell levels left.
You didn't know any spells.

Inventory:

Hand Weapons
 a - a +0 long sword (weapon)
 v - a +0 blowgun
Missiles
 w - 22 poisoned needles
Armour
 c - a +0 shield (worn)
 n - a +0 plate armour (worn)
 z - a +0 cloak (worn)
Jewellery
 x - a ring of positive energy (left hand)
Wands
 t - a wand of heal wounds (3/9)
Scrolls
 b - a scroll of amnesia {unknown}
 e - a scroll of enchant armour {unknown}
 j - 2 scrolls of recharging {unknown}
 o - a scroll of fog {unknown}
 p - a scroll of blinking {unknown}
 q - a scroll of teleportation {unknown}
 r - a scroll of enchant weapon {unknown}
 y - a scroll of immolation {unknown}
 B - a scroll of identify
Potions
 d - a potion of might
 h - a potion of heal wounds
 k - a potion of curing {unknown}
 l - a potion of mutation {unknown}
 m - a potion of brilliance {unknown}
 s - a potion of lignification {unknown}
 u - 5 potions of haste {unknown}
 A - a potion of beneficial mutation {unknown}
Comestibles
 f - 3 bread rations
 i - a beef jerky

Dungeon Overview and Level Annotations

Branches:
Dungeon (5/15)
 Temple: D:4-7

Altars:
Cheibriados
Ru
Trog


Message History

You are too injured to fight recklessly!
You are too injured to fight recklessly!
You extend your mandibles.
You dig through the rock wall.
You hit the steam dragon.
The steam dragon is severely wounded.
The steam dragon bites you but does no damage.
The steam dragon claws you but does no damage.
The steam dragon breathes steam at you. The ball of steam hits you!
Your plate armour prevents you from hitting the steam dragon.
The steam dragon is severely wounded.
You are engulfed in a cloud of scalding steam.
The steam dragon bites you but does no damage.
The steam dragon claws you but does no damage.
You slash the steam dragon!
The steam dragon is almost dead.
The steam dragon breathes steam at you. You block the ball of steam.
You closely miss the steam dragon.
The steam dragon is almost dead.
You are engulfed in a cloud of scalding steam.
The steam dragon bites you.
The steam dragon claws you but does no damage.
You closely miss the steam dragon.
The steam dragon is almost dead.
You are engulfed in a cloud of scalding steam.
The steam dragon breathes steam at you. You block the ball of steam.
Drink which item? (? for menu, Esc to quit)
You feel much better.
You are engulfed in a cloud of scalding steam.
The steam dragon breathes steam at you. The ball of steam hits you!
You die...

#......# ## #......# ..
#......# .. #......######
#...........# .............#
..#.......##..#
############.##..# # ##@#
#.##... ~P# #D## #####.)...#
~P^~########{# ###PPP..#####
..P~.~P.PP#.#####..^PP.......
...D...0.....PPPPPP~.P..#####
..~.~PP~.P~.............#..
..P~#########P.~P~..P...#.#
^P. ########.P..#.# P
####.#.#


You could see a steam dragon.

Action                   |  1- 3 |  4- 6 |  7- 9 || total
-------------------------+-------+-------+-------++-------
Melee: Long sword        |   108 |   340 |    54 ||   502
 Abil: Dig               |       |     3 |     2 ||     5
  Use: Potion            |     1 |       |     1 ||     2
       Scroll            |       |     2 |       ||     2
 Stab: Distracted        |       |     1 |       ||     1
  Eat: Chunk             |       |    10 |     1 ||    11

Notes
Turn   | Place    | Note
--------------------------------------------------------------
     0 | D:1      | Duffy the Formicid Fighter began the quest for the Orb.
     0 | D:1      | Reached XP level 1. HP: 18/18 MP: 1/1
   152 | D:1      | Reached XP level 2. HP: 24/24 MP: 2/2
   155 | D:1      | Reached skill level 4 in Shields
   333 | D:1      | Reached XP level 3. HP: 27/29 MP: 3/3
   973 | D:2      | Reached skill level 3 in Long Blades
   973 | D:2      | Reached XP level 4. HP: 22/35 MP: 4/4
  1399 | D:2      | Reached skill level 5 in Shields
  1996 | D:3      | Reached XP level 5. HP: 23/41 MP: 5/5
  2296 | D:3      | Found a bloodstained altar of Trog.
  2296 | D:3      | Noticed an eye of draining
  2305 | D:3      | Killed an eye of draining
  2305 | D:3      | Reached skill level 4 in Armour
  2305 | D:3      | Reached XP level 6. HP: 47/47 MP: 0/6
  2418 | D:3      | Reached skill level 6 in Shields
  2828 | D:3      | Found a snail-covered altar of Cheibriados.
  2836 | D:3      | Became a worshipper of Cheibriados the Contemplative
  3593 | D:4      | Found a sacrificial altar of Ru.
  3613 | D:4      | Reached * piety under Cheibriados
  3613 | D:4      | Reached skill level 4 in Long Blades
  3633 | D:4      | Noticed Eustachio
  3719 | D:4      | Killed Eustachio
  3719 | D:4      | Reached skill level 7 in Shields
  3719 | D:4      | Reached XP level 7. HP: 48/52 MP: 7/7
  3861 | D:4      | Noticed Crazy Yiuf
  3865 | D:4      | Killed Crazy Yiuf
  4169 | D:4      | Reached skill level 5 in Armour
  4275 | D:5      | Entered Level 5 of the Dungeon
  4449 | D:5      | Noticed a steam dragon
  4475 | D:5      | Killed from afar by a steam dragon

Vault maps used:
D:1:      dpeg_arrival_round_b
D:3:      lemuel_coloured_pillars_altar, trog_eyes_of_draining, first_bread,
          minmay_rat_hole
D:4:      nicolae_ru_sacrificial_ziggurat, uniq_eustachio,
          uniq_crazy_yiuf_cottage
D:5:      kennysheep_steamy, grunt_temple_overflow_open, serial_bayou_pond_a,
          kennysheep_nondescript, nemelex_lonely_heart_becter

Vanquished Creatures
  Eustachio
  An eye of draining
  2 scorpions
  A hound Crazy Yiuf
  2 worker ants
  A gnoll
  10 adders
  2 worms
  A giant gecko
  5 orcs
  2 ball pythons
  2 giant cockroaches
  5 goblins
  6 hobgoblins
  8 jackals
  A quokka
  10 bats
  7 giant newts
  A jackal zombie
  18 kobolds
  A quokka skeleton
  23 rats
111 creatures vanquished.
